 Dungeon Crawl Stone Soup version 0.21.1-1-g345015f (webtiles) character file.

335 prawnwizard the Sneak (level 6, -1/28 HPs)
             Began as a Spriggan Enchanter on June 26, 2018.
             Was a Follower of Wu Jian.
             Killed by divine providence
             ... invoked by an orc priest
              (13 damage)
             ... on level 5 of the Dungeon.
             The game lasted 00:35:26 (4710 turns).

prawnwizard the Sneak (Spriggan Enchanter)          Turns: 4710, Time: 00:35:26

Health: -1/28      AC:  3    Str:  6    XL:     6   Next: 28%
Magic:  9/11       EV: 21    Int: 16    God:    Wu Jian [*.....]
Gold:   127        SH:  0    Dex: 19    Spells: 5/11 levels left

rFire    . . .     SeeInvis +   w - +1 dagger of Uruaps {flame, rC+ Str+2}
rCold    + . .     Gourm    +   (shield restricted)
rNeg     . . .     Faith    .   b - +1 robe
rPois    .         Spirit   .   (helmet restricted)
rElec    .         Reflect  .   (no cloak)
rCorr    .         Harm     .   (gloves unavailable)
MR       +....                  (boots unavailable)
Stlth    ++++......             k - amulet of the gourmand
HPRegen  0.09/turn              (no ring)
MPRegen  0.12/turn              (no ring)

@: very quick
A: very small, unfitting armour, see invisible, herbivore, speed 3, slow
metabolism 2
a: Renounce Religion


You were on level 5 of the Dungeon.
You worshipped Wu Jian.
Wu Jian was aware of your devotion.
You were not hungry.

You visited 2 branches of the dungeon, and saw 6 of its levels.

You collected 127 gold pieces.

Inventory:

Hand Weapons
 g - a +3 dagger of protection
 t - a +0 dagger of venom
 w - the +1 dagger of Uruaps (weapon) {flame, rC+ Str+2}
   (You found it on level 5 of the Dungeon)

   It has been specially enchanted to burn those struck by it, causing extra
   injury to most foes and up to half again as much damage against particularly
   susceptible opponents.
   It affects your strength (+2).
   It protects you from cold.
Missiles
 q - 15 poisoned needles
Armour
 b - a +1 robe (worn)
Jewellery
 k - an amulet of the gourmand (around neck)
Wands
 s - a wand of flame (54)
Scrolls
 e - 2 scrolls of magic mapping
 o - a scroll of enchant armour
 r - a scroll of enchant weapon
Potions
 a - a potion of invisibility
 h - 3 potions of might {unknown}
 i - a potion of cancellation {unknown}
 j - 2 potions of curing {unknown}
 l - 2 potions of degeneration {unknown}
 m - a potion of brilliance {unknown}
 n - 2 potions of agility {unknown}
 p - a potion of resistance {unknown}
 v - a potion of heal wounds {unknown}
Books
 c - a book of Maledictions

   Spells                             Type                      Level
   a - Corona                         Hexes                        1
   b - Ensorcelled Hibernation        Hexes/Ice                    2
   c - Confuse                        Hexes                        3
   d - Tukima's Dance                 Hexes                        3
   e - Dazzling Spray                 Conjuration/Hexes            3
 f - a book of Changes

   Spells                             Type                      Level
   a - Beastly Appendage              Transmutation                1
   b - Sticks to Snakes               Transmutation                2
   c - Spider Form                    Transmutation/Poison         3
   d - Ice Form                       Ice/Transmutation            4
   e - Blade Hands                    Transmutation                5
Comestibles
 d - 3 rations


   Skills:
 - Level 0.2 Fighting
 * Level 4.5 Short Blades
 + Level 5.0 Dodging
 * Level 6.4 Stealth
 + Level 3.0 Spellcasting
 + Level 4.4 Hexes
 - Level 0.2 Ice Magic


You had 5 spell levels left.
You knew the following spells:

 Your Spells              Type           Power        Failure   Level  Hunger
a - Corona                Hex            ###....      3%          1    #......
b - Ensorcelled Hibernat  Hex/Ice        #.....       11%         2    ##.....
c - Dazzling Spray        Conj/Hex       #.....       22%         3    ###....


Dungeon Overview and Level Annotations

Branches:
Dungeon (5/15)             Temple (1/1) D:5

Altars:
Ashenzari
Cheibriados
Dithmenos
Elyvilon
Fedhas
Gozag
Kikubaaqudgha
Nemelex Xobeh
Qazlal
Ru
Sif Muna
Trog
Vehumet
Wu Jian
Xom
The Shining One

Annotations:
D:4 prawnwizard's ghost, amateur SpEn


Innate Abilities, Weirdness & Mutations

You are very small and have problems with some larger weapons.
You are too small for most types of armour.
You have supernaturally acute eyesight. (SInv)
You are a herbivore.
You cover ground extremely quickly.
You need consume almost no food.


Message History

Found 4 gold pieces and a scroll labeled HEDIUN AFFE.
There is a stone staircase leading down here.
You climb downwards.
There is a stone staircase leading up here.
d - 3 rations (gained 1)
The orc is too close now for your liking.
Casting: Ensorcelled Hibernation
Confirm with . or Enter, or press ? or * to list all spells.
Aiming: Ensorcelled Hibernation
Press: ? - help, Shift-Dir - straight line, f - orc
Aim: an orc, wielding a dagger (chance to defeat MR: 58%)
The orc looks drowsy...
You lunge at the orc.
The helpless orc fails to defend itself.
You skewer the orc like a kebab!!! You burn the orc.
You kill the orc!
The Council accepts your kill.
The orc priest calls down the wrath of Beogh upon you.
Beogh smites you!
You die...

#.# ##...## #.#
##.## #.# #.#
#.# ##.# #o#
##..# #.# #...#
###.###...##
###...##.#.#.##
#.....@.......#
#.#.####.#.#.###
# #. ##......#
#. ##.....# #.
#......# ##
#......#
#......#
###.##.. ..# ###


You could see an orc priest.

Vanquished Creatures
  An orc priest (D:5)
  Ijyb (D:3)
  3 orc wizards
  A worker ant (D:5)
  Terence (D:3)
  4 adders
  An ooze (D:4)
  An adder skeleton (D:5)
  2 worms
  2 dart slugs
  2 leopard geckos
  14 orcs
  6 bats
  6 giant cockroaches
  9 goblins
  11 hobgoblins
  7 jackals
  8 kobolds
  2 quokkas (D:2)
  A ball python (D:3)
  2 frilled lizards (D:3)
  A leopard gecko skeleton (D:4)
  6 rats
92 creatures vanquished.

Notes
Turn   | Place    | Note
-------+----------+-------------------------------------------
     0 | D:1      | prawnwizard the Spriggan Enchanter began the quest for the Orb.
     0 | D:1      | Reached XP level 1. HP: 9/9 MP: 5/5
   324 | D:1      | Reached XP level 2. HP: 5/13 MP: 6/6
   520 | D:1      | Learned a level 2 spell: Ensorcelled Hibernation
  1184 | D:2      | Reached XP level 3. HP: 9/16 MP: 8/8
  1466 | D:2      | Found a sacrificial altar of Ru.
  1467 | D:2      | Found a glowing golden altar of the Shining One.
  1477 | D:2      | Found an ancient bone altar of Kikubaaqudgha.
  1491 | D:2      | Found an ornate altar of the Wu Jian Council.
  1623 | D:2      | Became a worshipper of the Wu Jian Council
  2188 | D:3      | Noticed Ijyb
  2204 | D:3      | Reached XP level 4. HP: 21/21 MP: 9/9
  2237 | D:3      | Killed Ijyb
  2237 | D:3      | Reached skill level 5 in Stealth
  2479 | D:3      | Reached * piety under Wu Jian
  2483 | D:3      | Reached XP level 5. HP: 24/24 MP: 10/10
  2542 | D:3      | Noticed Terence
  2569 | D:3      | Killed Terence
  3474 | D:4      | Reached skill level 6 in Stealth
  3640 | D:4      | Found a bloodstained altar of Trog.
  3647 | D:4      | Noticed a phantom
  3663 | D:4      | Learned a level 3 spell: Dazzling Spray
  3945 | D:5      | Entered Level 5 of the Dungeon
  3974 | D:5      | Reached skill level 5 in Dodging
  4022 | D:5      | Reached XP level 6. HP: 26/28 MP: 11/11
  4293 | D:5      | Found a shimmering altar of Xom.
  4293 | D:5      | Found a shimmering altar of Xom.
  4296 | D:5      | Found a shimmering altar of Xom.
  4357 | D:5      | Found a staircase to the Ecumenical Temple.
  4366 | Temple   | Entered the Ecumenical Temple
  4635 | D:5      | Got an ancient dagger
  4637 | D:5      | Identified the +1 dagger of Uruaps {flame, rC+ Str+2} (You found it on level 5 of the Dungeon)
  4685 | D:4      | Noticed prawnwizard's ghost (amateur SpEn)
  4710 | D:5      | Killed from afar by an orc priest

Skill      XL: |  1  2  3  4  5  6 |
---------------+-------------------+-----
Hexes          | 4 |  4.4
Short Blades   | 2 3 4 |  4.5
Dodging        | 4 5 |  5.0
Stealth        | 5 6 |  6.4
Spellcasting   | 3 |  3.0
Fighting       | |  0.2
Ice Magic      | |  0.2

Action                   |  1- 3 |  4- 6 || total
-------------------------+-------+-------++-------
Melee: Dagger            |   224 |   286 ||   510
 Cast: Ensorcelled Hiber |     2 |    14 ||    16
       Dazzling Spray    |       |     7 ||     7
Invok: Lunge             |       |    18 ||    18
       Whirlwind         |       |    12 ||    12
  Use: Scroll            |     3 |     5 ||     8
 Stab: Sleeping          |     6 |    11 ||    17
  Eat: Ration            |       |     2 ||     2
Armor: Robe              |    44 |    26 ||    70
Dodge: Dodged            |   205 |   188 ||   393
